 Dungeon Crawl Stone Soup version 0.13-a0-2001-g039544c (webtiles) character file.

2022 Kae the Cleaver (level 8, 0/69 HPs)
             Began as a Lava Orc Berserker on June 25, 2013.
             Was an Elder of Trog.
             Slain by a goliath beetle (15 damage)
             ... on Level 7 of the Dungeon.
             The game lasted 00:11:13 (6502 turns).

Kae the Cleaver (Lava Orc Berserker)                Turns: 6502, Time: 00:11:14

HP   0/69        AC  8     Str 20      XL: 8   Next: 67%
MP   7/7         EV 13     Int 13      God: Trog [****..]
Gold 375         SH  0     Dex 12      Spells:  0 memorised,  7 levels left

Res.Fire  : + . .   See Invis. : .   a - +1,-1 orc hand axe {=f}
Res.Cold  : . . .   Warding    : .   b - +0 animal skin
Life Prot.: . . .   Conserve   : +   (no shield)
Res.Poison: .       Res.Corr.  : .   (no helmet)
Res.Elec. : .       Clarity    : .   D - +1 cloak
Sust.Abil.: . .     Spirit.Shd : .   (no gloves)
Res.Mut.  : .       Stasis     : .   (no boots)
Res.Rott. : .       Flight     : .   e - amulet of conservation
Saprovore : + . .                    x - cursed +6 ring of intelligence
                                     (no ring)

@: slightly resistant to hostile enchantments, unstealthy
A: conserve scrolls, saprovore 1
a: Burn Spellbooks, Berserk, Trog's Hand, Brothers in Arms, Renounce Religion


You were on level 7 of the Dungeon.
You worshipped Trog.
Trog was extremely pleased with you.
You were near starving.

You visited 1 branch of the dungeon, and saw 7 of its levels.

You collected 355 gold pieces.

Inventory:

Hand weapons
 a - a +1,-1 orcish hand axe (weapon) {=f}
Armour
 b - a +0 animal skin (worn)
 D - a +1 cloak (worn)
Magical devices
 n - a wand of digging (10)
 w - a wand of digging (23)
 y - a wand of fire (9) {unknown}
 E - a wand of lightning (3)
Comestibles
 c - 2 meat rations
 j - a cheese
 m - an apricot
 o - 5 bread rations
 u - 2 apples
 G - a choko
Scrolls
 d - a scroll of recharging
 h - 3 scrolls of remove curse
 i - 2 scrolls of magic mapping
 k - 3 scrolls of identify
 l - a scroll of enchant weapon I
 v - 2 scrolls of blinking
 B - a scroll of immolation {unknown}
 F - a scroll of enchant weapon II
Jewellery
 e - an amulet of conservation (around neck)
 x - a cursed +6 ring of intelligence (right hand)
Potions
 f - 4 potions of might
 g - a potion of cure mutation {unknown}
 p - a potion of heal wounds
 q - 2 potions of restore abilities
 r - a potion of resistance {unknown}
 s - 2 potions of agility {unknown}
 t - a potion of poison {unknown}
 z - 2 potions of curing {unknown}


   Skills:
 + Level 6.7 Fighting
 * Level 8.5 Axes
 + Level 5.7 Armour
 + Level 4.0 Dodging


You had 7 spell levels left.
You didn't know any spells.

Dungeon Overview and Level Annotations

Branches:
Dungeon (7/27)
 Temple: D:4-7          Orc: D:6-11

Altars:
Nemelex Xobeh

Shops:
D:6: +


Innate Abilities, Weirdness & Mutations

You have stony skin.
You cover ground slowly.
Your flesh is heat resistant.
Your flesh is vulnerable to cold.
Your heat harms attackers.
You bathe your surroundings in blazing heat.
You are too hot to use scrolls.
You are very good at protecting items from fire.
You can tolerate rotten meat.


Message History

You slash the goliath beetle!
The goliath beetle is severely wounded.
You hit the goliath beetle but do no damage.
The goliath beetle is severely wounded.
The goliath beetle bites you but does no damage.
You hit the goliath beetle.
The goliath beetle is almost dead.
You hit the goliath beetle but do no damage.
The goliath beetle is almost dead.
You hit the goliath beetle but do no damage.
The goliath beetle is almost dead.
The goliath beetle bites you.
* * * LOW HITPOINT WARNING * * *
You hit the goliath beetle but do no damage.
The goliath beetle is almost dead.
Your movements quicken.
You hit the goliath beetle but do no damage.
The goliath beetle is almost dead.
The goliath beetle bites you!
You die...

..#..............#
.................#
............(....#
...........).....###
...............#...#
..............#...###
...................#
.................##
...........@.....#
.........?.B.....#
.................
..........).....
...............
.............
........... .........
...


You could see a goliath beetle.

Vanquished Creatures
  The ghost of saces the Ruinous, an experienced TeWz (D:7)
  Edmund (D:5)
  A sky beast (D:5)
  A phantom (D:5)
  A centaur (D:5)
  2 giant frogs (D:6)
  5 crimson imps
  A hound (D:4)
  7 worker ants
  An iguana (D:6)
  An orc priest (D:5)
  2 orc wizards (D:5)
  A worm zombie (D:5)
  2 jellies
  A gnoll (D:1)
  7 adders
  An inept feature mimic (D:5)
  A shadow imp (D:7)
  A worm (D:4)
  A giant eyeball (D:6)
  2 giant geckos
  A gnoll skeleton (D:4)
  An ooze (D:5)
  17 orcs
  16 goblins
  5 hobgoblins
  17 jackals
  3 quokkas
  2 ball pythons
  16 bats
  2 giant cockroaches
  12 giant newts
  A giant newt skeleton (D:4)
  A giant newt zombie (D:5)
  A goblin skeleton (D:4)
  A hobgoblin skeleton (D:4)
  14 kobolds
  A kobold skeleton (D:4)
  An orc skeleton (D:5)
  16 rats
  A rat zombie (D:6)
170 creatures vanquished.

Vanquished Creatures (others)
  A giant gecko (D:6)
  A jackal (D:6)
2 creatures vanquished.

Grand Total: 172 creatures vanquished

Notes
Turn   | Place    | Note
--------------------------------------------------------------
     0 | D:1      | Kae, the Lava Orc Berserker, began the quest for the Orb.
     0 | D:1      | Reached XP level 1. HP: 19/19 MP: 0/0
   163 | D:1      | Reached skill level 4 in Axes
   164 | D:1      | Reached XP level 2. HP: 5/26 MP: 1/1
   505 | D:1      | Acquired Trog's second power
   702 | D:1      | Reached XP level 3. HP: 8/33 MP: 2/2
  1473 | D:2      | Reached XP level 4. HP: 19/40 MP: 3/3
  2248 | D:3      | Reached skill level 5 in Axes
  2520 | D:3      | Acquired Trog's third power
  2644 | D:4      | Paralysed by you for 6 turns
  2725 | D:4      | Reached XP level 5. HP: 14/46 MP: 4/4
  3177 | D:4      | Reached skill level 5 in Fighting
  3185 | D:4      | Reached XP level 6. HP: 22/53 MP: 5/5
  4043 | D:5      | Entered Level 5 of the Dungeon
  4084 | D:5      | Reached skill level 6 in Axes
  4088 | D:5      | Noticed Edmund
  4110 | D:5      | Killed Edmund
  4110 | D:5      | Reached XP level 7. HP: 43/60 MP: 6/6
  4264 | D:5      | Reached skill level 7 in Axes
  5177 | D:5      | Reached skill level 5 in Armour
  5295 | D:6      | Found Rylowke's Book Emporium.
  5324 | D:6      | Paralysed by a giant eyeball for 2 turns
  5331 | D:6      | Paralysed by a giant eyeball for 3 turns
  5360 | D:6      | Reached XP level 8. HP: 62/69 MP: 7/7
  6055 | D:6      | Found a sparkling altar of Nemelex Xobeh.
  6440 | D:7      | Noticed saces' ghost (experienced TeWz)
  6457 | D:7      | Killed saces' ghost
  6457 | D:7      | Reached skill level 8 in Axes
  6502 | D:7      | Slain by a goliath beetle

Action                   |  1- 3 |  4- 6 |  7- 9 || total
-------------------------+-------+-------+-------++-------
Melee: Hand axe          |   145 |   240 |   378 ||   763
Invok: Berserk           |     1 |     1 |     3 ||     5
       Trog's Hand       |       |     3 |     4 ||     7
Evoke: Wand              |       |     3 |     2 ||     5
  Use: Scroll            |       |    15 |     4 ||    19
       Potion            |       |     1 |       ||     1
 Stab: Sleeping          |       |       |     1 ||     1
